 Dungeon Crawl Stone Soup version 0.31.0-1-g2c135a0 (webtiles) character file.

Game seed: 1371373890612295902

6391 jagoly the Cleaver (level 10, -9/66 HPs)
             Began as a Gargoyle Monk on Feb 1, 2024.
             Was a Priest of the Shining One.
             Mangled by a white ugly thing (27 damage)
             ... on level 12 of the Dungeon on Feb 2, 2024.
             The game lasted 00:40:42 (4680 turns).

jagoly the Cleaver (Gargoyle Monk)                  Turns: 4680, Time: 00:40:43

Health: -9/66      AC: 26    Str: 18    XL:     10   Next: 97%
Magic:  11/11      EV:  7    Int: 12    God:    the Shining One [***...]
Gold:   525        SH:  0    Dex: 12    Spells: 9/9 levels left

rFire   + . .        a - +0 war axe
rCold   . . .        d - orb {light}
rNeg    + + .        q - +0 plate armour
rPois   ∞            S - +0 helmet
rElec   +            g - +0 cloak
rCorr   +            z - +0 pair of gloves
SInv    .            C - +0 pair of boots
Will    .....        x - amulet of regeneration Stlth
                     y - ring of protection from fire
HPRegen 1.11/turn    D - ring of resist corrosion
MPRegen 0.12/turn

%: no passive effects
@: glowing
A: sickness immunity, AC +7, negative energy resistance 1, electricity
resistance, torment resistance 1, petrification resistance
a: Renounce Religion, Divine Shield, Cleansing Flame


You were on level 12 of the Dungeon.
You worshipped the Shining One.
The Shining One was most pleased with you.
You visited 2 branches of the dungeon, and saw 13 of its levels.
You also visited: Bailey.

You collected 660 gold pieces.
You spent 135 gold pieces at shops.

Inventory:

Hand Weapons
 a - a +0 war axe (weapon)
 f - a +0 trident
 I - a +3 flail
 P - the +1 dagger of the Evening {holy, rPois rC++ Will+ Int-5}
   (You found it on level 10 of the Dungeon)

   Int-5:     It affects your intelligence (-5).
   rC++:      It greatly protects you from cold.
   rPois:     It protects you from poison Will+: It increases your willpower.
 Q - a +0 mace of venom
Missiles
 e - 2 throwing nets
 i - 88 stones (quivered)
 B - 7 boomerangs
Armour
 d - an orb of light (worn)
 g - a +0 cloak (worn)
 p - a +0 ring mail
 q - a +0 plate armour (worn)
 u - a +0 chain mail
 z - a +0 pair of gloves (worn)
 C - a +0 pair of boots (worn)
 S - a +0 helmet (worn)
Jewellery
 x - an amulet of regeneration (around neck)
 y - a ring of protection from fire (left hand)
 D - a ring of resist corrosion (right hand)
 K - a ring of fire
 M - the amulet "Pooc" {Reflect rPois rC- rN+++ SH+5 SInv}
   (You bought it in a shop on level 7 of the Dungeon)

   [amulet of reflection]

   Reflect:   It reflects blocked missile attacks.
   rC-:       It makes you vulnerable to cold.
   rPois:     It protects you from poison rN+++: It renders you almost immune to
   negative energy.
   SInv:      It lets you see invisible.
   SH+5:      It affects your SH (+5).
Wands
 G - a wand of paralysis (10)
 L - a wand of flame (8)
Scrolls
 b - 2 scrolls of revelation
 h - 2 scrolls of fear
 j - 4 scrolls of identify
 k - 5 scrolls of fog
 m - 3 scrolls of amnesia
 n - 8 scrolls of teleportation
 o - 2 scrolls of enchant weapon
 r - 2 scrolls of noise {unknown}
 t - a scroll of immolation {unknown}
 w - a scroll of enchant armour {unknown}
 A - a scroll of silence {unknown}
Potions
 c - a potion of ambrosia
 l - a potion of resistance
 s - 3 potions of haste
 v - a potion of cancellation {unknown}
 E - 2 potions of curing
 F - a potion of mutation {unknown}
 H - a potion of heal wounds {unknown}
 J - 2 potions of brilliance {unknown}
 O - a potion of magic {unknown}
 R - a potion of invisibility {unknown}
 T - a potion of enlightenment {unknown}


   Skills:
 + Level 9.0 Fighting
 * Level 10.3 Axes
 + Level 8.3 Armour
 - Level 5.0 Dodging
 - Level 2.0 Invocations
 * Level 0.0 Evocations


You had 9 spell levels left.
You didn't know any spells.
Your spell library contained the following spells:

 Spells                   Type           Power      Damage    Failure   Level
 Magic Dart               Conj           0%         1d3       100%        1
 Slow                     Hex            0%         N/A       100%        1
 Blink                    Tloc           0%         N/A       100%        2
 Call Imp                 Summ           0%         N/A       100%        2
 Confusing Touch          Hex            0%         N/A       100%        3
 Frozen Ramparts          Ice            0%         1d1       100%        3
 Gell's Gravitas          Tloc           0%         N/A       100%        3
 Sigil of Binding         Hex            0%         N/A       100%        3
 Teleport Other           Tloc           0%         N/A       100%        3
 Vampiric Draining        Necr           0%         2d6       100%        3
 Volatile Blastmotes      Fire/Tloc      0%         2d10      100%        3
 Fulminant Prism          Conj/Alch      0%         3d5       100%        4
 Iskenderun's Mystic Bla  Conj/Tloc      0%         2d3       100%        4
 Leda's Liquefaction      Alch/Erth      0%         N/A       100%        4
 Petrify                  Alch/Erth      0%         N/A       100%        4
 Vhi's Electric Charge    Tloc/Air       0%         N/A       100%        4
 Arcjolt                  Conj/Air       0%         1d10      100%        5
 Metabolic Englaciation   Hex/Ice        0%         N/A       100%        5
 Dispersal                Tloc           0%         N/A       100%        6
 Plasma Beam              Fire/Air       0%         2x1d10    100%        6


Dungeon Overview and Level Annotations

Branches:
Dungeon (12/15) Zot: 26906  Temple (1/1) D:4 Zot: 5998    Lair (0/5) D:10
    Orc (0/2) D:9          Bailey (visited)

Altars:
Ashenzari
Cheibriados
Dithmenos
Elyvilon
Fedhas
Gozag
Hepliaklqana
Kikubaaqudgha
Makhleb
Nemelex Xobeh
Okawaru
Qazlal
Ru
Sif Muna
Trog
Uskayaw
Vehumet
Wu Jian
Xom
Yredelemnul
Zin
The Shining One

Shops:
D:1 *   D:7 *


Innate Abilities, Weirdness & Mutations

You are immune to sickness and miasma.
Your stone body is resilient. (AC +7)
You are immune to poison.
You resist negative energy. (rN+)
You are resistant to electric shocks. (rElec)
You are resistant to unholy torment.
You are immune to petrification.


Message History

The elephant is severely wounded.
The elephant tramples you!
You hold your ground!
The elephant misses you.
You hit the elephant but do no damage.
The elephant is severely wounded.
The elephant tramples you.
You stumble backwards!
You hit the elephant but do no damage.
The elephant is severely wounded.
The elephant tramples you but does no damage.
The elephant trunk-slaps you but does no damage.
You hit the elephant.
The elephant is severely wounded.
The elephant closely misses you. The elephant trunk-slaps you.
You hit the elephant but do no damage.
The elephant is severely wounded.
The elephant tramples you.
You hold your ground!
The elephant trunk-slaps you but does no damage.
You hit the elephant.
The elephant is severely wounded.
The elephant barely misses you. The elephant closely misses you.
You completely miss the elephant.
The elephant is severely wounded.
The elephant closely misses you. The elephant barely misses you.
You slash the elephant!
The elephant is almost dead.
The elephant tramples you but does no damage.
The elephant closely misses you.
You slash the elephant!
You kill the elephant!
No target in view!
There is a stone staircase leading down, spattered with blood here.
You climb downwards.
The bullfrog hits you but does no damage.
There is a stone staircase leading up here.
You hit the bullfrog.
The bullfrog is lightly wounded.
The bullfrog hits you but does no damage.
You slash the bullfrog!
The bullfrog is severely wounded.
The bullfrog closely misses you.
The bullfrog hits you but does no damage.
You hit the bullfrog.
The bullfrog is severely wounded.
A bullfrog comes into view.
The bullfrog hits you.
You barely miss the bullfrog.
The bullfrog is severely wounded.
The bullfrog gives a loud, deep croak!
The bullfrog hits you but does no damage. x2
You slash the bullfrog!
You kill the bullfrog!
The bullfrog hits you but does no damage.
You hit the bullfrog but do no damage. The bullfrog hits you.
You slash the bullfrog!
The bullfrog is moderately wounded.
The bullfrog hits you.
The bullfrog hits you but does no damage.
You hit the bullfrog but do no damage.
The bullfrog is moderately wounded.
The bullfrog barely misses you.
You hit the bullfrog.
The bullfrog is heavily wounded.
The bullfrog hits you but does no damage.
The bullfrog barely misses you.
You slash the bullfrog!
The bullfrog is almost dead.
A centaur comes into view. It is wielding a +0 dagger.
The bullfrog hits you but does no damage.
A centaur comes into view.
The centaur unwields a +0 dagger.
The centaur wields a +0 shortbow.
The centaur shoots an arrow.
The arrow hits you.
You slash the bullfrog!
You kill the bullfrog!
Your Axes skill increases to level 10!
The centaur throws a stone.
The stone hits you but does no damage.
The centaur shoots an arrow.
The arrow hits you.
You climb upwards.
There is a stone staircase leading down, spattered with blood here.
There is a stone staircase leading down here.
You climb downwards.
Found 15 gold pieces and a plate armour.
There is a stone staircase leading up here.
Found 19 gold pieces.
Found a pitted dagger.
You now have 449 gold pieces (gained 15).
Found a stone staircase leading down.
Found 12 gold pieces.
You see here the +1 dagger of the Evening {holy, rPois rC++ Will+ Int-5}.
P - the +1 dagger of the Evening {holy, rPois rC++ Will+ Int-5} You now have 461 gold pieces (gained 12).
There is a stone staircase leading down here.
You climb downwards.
You feel a wave of frost pass over you.
There is an entrance to an ice cave on this level.
Hurry and find it before the portal melts!
Found a glowing mace.
There is a stone staircase leading up here.
Search for what [? for help]? aux Search for what [Enter for "aux", or ? for help]? helm Search for what [Enter for "helm", or ? for help]? dire Unknown command.
You see here a +0 mace of venom.
Q - a +0 mace of venom
There is a stone staircase leading up here.
You climb upwards.
There is a stone staircase leading down here.
Found a white marble altar of Elyvilon.
You see here a ring of poison resistance.
Found 15 gold pieces.
You open the door.
A komodo dragon comes into view.
The komodo dragon hisses angrily.
Found 3 stones.
Found a staircase to the Lair.
You slash the komodo dragon!
The komodo dragon is moderately wounded.
The komodo dragon barely misses you.
You hit the komodo dragon.
The komodo dragon is moderately wounded.
A black bear comes into view.
The komodo dragon bites you!
The black bear growls angrily.
You hit the komodo dragon but do no damage.
The komodo dragon is moderately wounded.
The komodo dragon hisses menacingly.
The komodo dragon barely misses you.
You hit the komodo dragon.
The komodo dragon is heavily wounded.
A two-headed ogre comes into view. It is wielding two +0 giant clubs.
The komodo dragon closely misses you.
You barely miss the komodo dragon.
The komodo dragon is heavily wounded.
The two-headed ogre shouts in stereo!
The komodo dragon bites you!
You slash the komodo dragon!
The komodo dragon is severely wounded.
You hit the black bear. The black bear barely misses you.
The black bear claws you but does no damage. x2
The komodo dragon bites you.
You hit the komodo dragon.
The komodo dragon is almost dead.
You hit the black bear. The black bear misses you.
The black bear claws you but does no damage. x2
The komodo dragon bites you.
You barely miss the komodo dragon.
The komodo dragon is almost dead.
You barely miss the black bear.
The black bear bites you but does no damage.
The black bear claws you but does no damage.
The black bear barely misses you. The komodo dragon bites you!
You hit the komodo dragon.
You kill the komodo dragon!
You hit the black bear.
The black bear bites you but does no damage.
The black bear claws you but does no damage. x2
Your Armour skill increases to level 8!
The black bear attacks as it pursues you!
The black bear bites you but does no damage.
The black bear claws you but does no damage. x2
The black bear attacks as it pursues you!
The black bear closely misses you. x2; The black bear barely misses you.
You see here a bullfrog corpse.
There is a stone staircase leading up here.
The black bear misses you. The black bear barely misses you.
The black bear claws you.
You climb upwards.
There is a stone staircase leading down, spattered with blood here.
You slash the black bear!
You kill the black bear!
You see here a black bear corpse.
There is a stone staircase leading down here.
You climb downwards.
There is a stone staircase leading up here.
Found 9 gold pieces.
Found an emerald potion.
You now have 470 gold pieces (gained 9).
HP restored.
A centaur is nearby!
The centaur shouts!
The centaur wields a +0 shortbow of draining.
You sense an unholy aura.
The centaur shoots an arrow.
The arrow hits you but does no damage.
You see here an emerald potion.
R - an emerald potion The centaur throws a stone.
The stone hits you.
The centaur shoots an arrow.
The arrow misses you.
The centaur throws a stone.
The stone hits you.
The centaur unwields a +0 shortbow of draining.
The centaur hits you but does no damage.
The centaur kicks you.
You slice the centaur!!
The centaur is almost dead.
The centaur barely misses you.
The centaur kicks you but does no damage.
The centaur closely misses you. x2
You slash the centaur!
You kill the centaur!
You now have 492 gold pieces (gained 22).
i - 88 stones (gained 11)
You see here a +0 shortbow of draining.
Found a helmet.
You now have 511 gold pieces (gained 19).
You see here a +0 helmet.
S - a +0 helmet The two-headed ogre shouts in stereo!
A two-headed ogre is nearby!
A two-headed ogre is nearby!
A two-headed ogre is nearby!
The centaur shouts!
The centaur shoots an arrow.
The arrow hits you.
There is a stone staircase leading down here.
HP restored.
You climb downwards.
You feel a wave of frost pass over you.
There is an entrance to an ice cave on this level.
Hurry and find it before the portal melts!
You hear the faint crackling of a melting archway nearby.
There is a stone staircase leading up here.
You start putting on your armour.
You continue putting on your +0 helmet. x4
You finish putting on your +0 helmet.
You start removing your armour.
You continue taking off your +0 chain mail. x4
You finish taking off your +0 chain mail.
You start putting on your armour.
You continue putting on your +0 plate armour. x5
You finish putting on your +0 plate armour.
A troll comes into view.
The troll shouts!
You hear a shout! x2
Throw: 7 boomerangs
Press: ? - help, Shift-Dir - straight line, f - troll
Aim: a troll (haloed, 78% to hit)
You throw a boomerang. The boomerang hits the troll.
The troll is lightly wounded.
A kobold comes into view. It is wielding a +0 dagger.
The kobold shouts!
You slash the troll!
The troll is moderately wounded.
The troll bites you but does no damage.
The troll claws you but does no damage. x2
A kobold demonologist comes into view. It is wielding a +0 dagger.
The troll attacks as it pursues you! The troll barely misses you.
The troll claws you but does no damage. x2
The kobold demonologist moves out of view.
There is a stone staircase leading up here.
The troll attacks as it pursues you! The troll bites you but does no damage.
The troll claws you. The troll claws you but does no damage.
Found 14 gold pieces.
The troll attacks as it pursues you! The troll barely misses you.
The troll claws you but does no damage. The troll barely misses you.
You hit the troll but do no damage. The troll barely misses you.
The troll claws you! The troll claws you but does no damage.
You slash the troll!
The troll is moderately wounded.
The troll bites you but does no damage. The troll closely misses you.
The troll claws you but does no damage.
You hit the troll but do no damage.
The troll is moderately wounded.
The troll bites you but does no damage.
The troll claws you but does no damage. x2
You slash the troll!
The troll is severely wounded.
The troll bites you but does no damage. The troll misses you.
The troll claws you but does no damage.
You hit the troll.
The troll is severely wounded.
The troll bites you but does no damage.
The troll claws you but does no damage. x2
You hit the troll.
The troll is severely wounded.
The troll bites you! The troll claws you.
The troll claws you but does no damage.
You slash the troll!
You kill the troll!
Training target 5.0 for Dodging reached!
Your Dodging skill increases to level 5!
The kobold demonologist begins to cast a cantrip, but forgets the words!
A kobold comes into view. It is wielding a +0 whip.
You hear the faint crackling of a distant melting archway.
The kobold shouts!
You hear a shout!
A kobold comes into view. It is wielding a +0 short sword.
The kobold demonologist hits you with a +0 dagger.
You hit the kobold demonologist but do no damage.
The kobold demonologist casts a spell.
You slash the kobold demonologist!
The kobold demonologist is moderately wounded.
You hit the crimson imp.
The kobold demonologist gestures wildly while chanting.
The crimson imp blinks!
You hit the kobold demonologist.
The kobold demonologist is moderately wounded.
You slash the iron imp!
The kobold demonologist hits you but does no damage.
The crimson imp blinks!
You slash the kobold demonologist!
The kobold demonologist is heavily wounded.
You slash the iron imp!
You kill the iron imp!
The iron imp disappears in a puff of smoke!
The kobold demonologist hits you but does no damage.
The crimson imp blinks!
You slash the kobold demonologist!
The kobold demonologist is almost dead.
The kobold demonologist hits you but does no damage.
You hit the kobold demonologist.
The kobold demonologist is almost dead.
The kobold demonologist hits you with a +0 dagger.
You slash the kobold demonologist!
You kill the kobold demonologist!
The Shining One accepts your kill.
Your Fighting skill increases to level 9!
You slash the kobold!
You kill the kobold!
You hit the kobold.
You kill the kobold!
The kobold hits you but does no damage.
Items here: ))) [ †.
You hit the kobold.
The kobold is heavily wounded.
The kobold closely misses you.
You hit the kobold.
You kill the kobold!
No target in view!
You now have 525 gold pieces (gained 14).
Found a book of Lightning.
You hear the crackling of a melting archway very nearby.
You pick up a book of Lightning and begin reading...
You add the spells Vhi's Electric Charge, Arcjolt and Plasma Beam to your library.
Found a whip.
You see here a +0 whip.
A tengu warrior comes into view. It is wielding a +1 great mace.
Found 17 gold pieces.
The tengu warrior shouts!
Press: ? - help, v - describe, . - travel The floor.
Press: ? - help, v - describe, . - travel The floor.
You see here a +0 whip.
Press: ? - help, v - describe, . - travel
Here: a tengu warrior, wielding a +1 great mace and wearing a +0 ring mail The floor.
You hear the crackling of a melting archway nearby.
Found a scroll labelled UXEMUPN COBLA.
You see here a scroll labelled UXEMUPN COBLA.
r - 2 scrolls labelled UXEMUPN COBLA (gained 1)
A tengu warrior is nearby!
You hear the steady crackling of a distant melting archway.
Found a wand of paralysis (5).
You see here a wand of paralysis (5).
G - a wand of paralysis (13) (gained 5 charges)
Found a runed leather armour.
Found a stone staircase leading down.
Found 13 gold pieces.
Found 6 stones.
You see here a +2 leather armour of fire resistance.
Found 18 gold pieces.
Found a potion of degeneration.
Found 5 stones.
There is a stone staircase leading down here.
You climb downwards.
There is a stone staircase leading up here.
Found a red potion.
T - a red potion
Found a stone staircase leading down.
A cyclops comes into view.
The cyclops shouts!
You hear an angry buzzing noise.
A white ugly thing comes into view.
The white ugly thing gurgles horribly!
Aiming: Paralyse
Press: ? - help, Shift-Dir - straight line, f - white ugly thing
Aim: a white ugly thing (chance to affect: 31%)
Okay, then.
Throw: 2 darts (poison)
Press: ? - help, Shift-Dir - straight line, f - white ugly thing
Aim: a white ugly thing (59% to hit)
You throw a poisoned dart.
The poisoned dart closely misses the white ugly thing.
Throw: dart (poison)
Press: ? - help, Shift-Dir - straight line, f/p - white ugly thing
Aim: a white ugly thing (59% to hit)
You throw a poisoned dart.
The poisoned dart hits the white ugly thing.
The white ugly thing is poisoned.
Okay, then.
Aiming: Paralyse
Press: ? - help, Shift-Dir - straight line, f/p - white ugly thing
Aim: a white ugly thing (lightly wounded, poisoned, chance to affect: 31%)
The white ugly thing easily resists.
Aiming: Paralyse
Press: ? - help, Shift-Dir - straight line, f/p - white ugly thing
Aim: a white ugly thing (lightly wounded, poisoned, haloed, chance to affect: 31%)
The white ugly thing easily resists.
Aiming: Paralyse
Press: ? - help, Shift-Dir - straight line, f/p - white ugly thing
Aim: a white ugly thing (lightly wounded, poisoned, haloed, chance to affect: 31%)
The white ugly thing suddenly stops moving!
Cleave: a) +0 war axe
Press: ? - help, Dir - move target, f/p - white ugly thing
Aim: a white ugly thing (lightly wounded, paralysed, poisoned, haloed, about 2% to evade your +0 war axe)
You hit the white ugly thing but do no damage.
The white ugly thing is lightly wounded.
Cleave: a) +0 war axe
Press: ? - help, Dir - move target, f/p - white ugly thing
Aim: a white ugly thing (lightly wounded, paralysed, poisoned, haloed, about 2% to evade your +0 war axe)
You hit the white ugly thing.
The white ugly thing is lightly wounded.
The white ugly thing looks more healthy.
Cleave: a) +0 war axe
Press: ? - help, Dir - move target, f/p - white ugly thing
Aim: a white ugly thing (lightly wounded, paralysed, haloed, about 2% to evade your +0 war axe)
You hit the white ugly thing but do no damage.
The white ugly thing is lightly wounded.
Cleave: a) +0 war axe
Press: ? - help, Dir - move target, f/p - white ugly thing
Aim: a white ugly thing (lightly wounded, paralysed, haloed, about 2% to evade your +0 war axe)
You hit the white ugly thing.
The white ugly thing is lightly wounded.
Cleave: a) +0 war axe
Press: ? - help, Dir - move target, f/p - white ugly thing
Aim: a white ugly thing (lightly wounded, paralysed, haloed, about 2% to evade your +0 war axe)
You hit the white ugly thing.
The white ugly thing is lightly wounded.
Cleave: a) +0 war axe
Press: ? - help, Dir - move target, f/p - white ugly thing
Aim: a white ugly thing (lightly wounded, paralysed, haloed, about 2% to evade your +0 war axe)
You hit the white ugly thing but do no damage.
The white ugly thing is lightly wounded.
Cleave: a) +0 war axe
Press: ? - help, Dir - move target, f/p - white ugly thing
Aim: a white ugly thing (lightly wounded, paralysed, haloed, about 2% to evade your +0 war axe)
You hit the white ugly thing.
The white ugly thing is lightly wounded.
Cleave: a) +0 war axe
Press: ? - help, Dir - move target, f/p - white ugly thing
Aim: a white ugly thing (lightly wounded, paralysed, haloed, about 2% to evade your +0 war axe)
You hit the white ugly thing.
The white ugly thing is lightly wounded.
Cleave: a) +0 war axe
Press: ? - help, Dir - move target, f/p - white ugly thing
Aim: a white ugly thing (lightly wounded, paralysed, haloed, about 2% to evade your +0 war axe)
You slash the white ugly thing!
The white ugly thing is moderately wounded.
Cleave: a) +0 war axe
Press: ? - help, Dir - move target, f/p - white ugly thing
Aim: a white ugly thing (moderately wounded, paralysed, haloed, about 2% to evade your +0 war axe)
You hit the white ugly thing.
The white ugly thing is moderately wounded.
Cleave: a) +0 war axe
Press: ? - help, Dir - move target, f/p - white ugly thing
Aim: a white ugly thing (moderately wounded, paralysed, haloed, about 2% to evade your +0 war axe)
You hit the white ugly thing but do no damage.
The white ugly thing is moderately wounded.
Cleave: a) +0 war axe
Press: ? - help, Dir - move target, f/p - white ugly thing
Aim: a white ugly thing (moderately wounded, paralysed, haloed, about 2% to evade your +0 war axe)
You hit the white ugly thing but do no damage.
The white ugly thing is moderately wounded.
The cyclops throws a large rock.
The large rock hits you but does no damage.
Cleave: a) +0 war axe
Press: ? - help, Dir - move target, f/p - white ugly thing
Aim: a white ugly thing (moderately wounded, paralysed, haloed, about 2% to evade your +0 war axe)
You hit the white ugly thing.
The white ugly thing is moderately wounded.
The white ugly thing is no longer paralysed.
The white ugly thing barely misses you.
Cleave: a) +0 war axe
Press: ? - help, Dir - move target, f/p - white ugly thing
Aim: a white ugly thing (moderately wounded, haloed, about 19% to evade your +0 war axe)
You slash the white ugly thing!
The white ugly thing is heavily wounded.
The white ugly thing tail-slaps you but does no damage.
Cleave: a) +0 war axe
Press: ? - help, Dir - move target, f/p - white ugly thing
Aim: a white ugly thing (heavily wounded, haloed, about 19% to evade your +0 war axe)
You barely miss the white ugly thing.
The white ugly thing is heavily wounded.
The white ugly thing barely misses you.
Cleave: a) +0 war axe
Press: ? - help, Dir - move target, f/p - white ugly thing
Aim: a white ugly thing (heavily wounded, haloed, about 19% to evade your +0 war axe)
You slash the white ugly thing!
The white ugly thing is heavily wounded.
The white ugly thing tail-slaps you but does no damage.
Cleave: a) +0 war axe
Press: ? - help, Dir - move target, f/p - white ugly thing
Aim: a white ugly thing (heavily wounded, haloed, about 19% to evade your +0 war axe)
You hit the white ugly thing but do no damage.
The white ugly thing is heavily wounded.
The white ugly thing tail-slaps you but does no damage.
Cleave: a) +0 war axe
Press: ? - help, Dir - move target, f/p - white ugly thing
Aim: a white ugly thing (heavily wounded, haloed, about 19% to evade your +0 war axe)
You hit the white ugly thing but do no damage.
The white ugly thing is heavily wounded.
You hit the cyclops. The cyclops barely misses you.
The white ugly thing tail-slaps you. The white ugly thing freezes you!!
Ouch! That really hurt!
* * * LOW HITPOINT WARNING * * *
Cleave: a) +0 war axe
Press: ? - help, Dir - move target, f/p - white ugly thing
Aim: a white ugly thing (heavily wounded, haloed, about 19% to evade your +0 war axe)
You slash the white ugly thing!
The white ugly thing is severely wounded.
You slash the cyclops! The white ugly thing tail-slaps you!
* * * LOW HITPOINT WARNING * * *
The white ugly thing freezes you!!
You die...

### #.#
#.#####################
#.............C@u...((.
#.#####################
#.# #.# #.# #.# ### #.#
#.. #.# ###.#########
### #.# #...........#
#.#


You could see a white ugly thing and a cyclops.

Vanquished Creatures
  Maurice (D:7)
  An elephant (D:9)
  A kobold demonologist (D:11)
  A komodo dragon (D:10)
  A troll (D:11)
  A hornet (D:9)
  A wyvern (D:9)
  3 yaks (D:9)
  2 steam dragons
  4 vampire mosquitoes (D:9)
  Menkaure (D:7)
  A water moccasin (D:9)
  4 orc warriors
  2 ice beasts
  A swamp drake (D:9)
  A black bear (D:9)
  An ogre (D:7)
  4 centaurs
  A phantom (D:6)
  3 bullfrogs
  A kobold brigand (D:7)
  5 scorpions
  4 wights (D:8)
  3 killer bees (D:9)
  3 hounds
  A jelly (D:6)
  10 orc priests
  A bombardier beetle (D:4)
  A gnoll bouda (D:6)
  2 iguanas
  4 sleepcaps
  5 orc wizards
  4 gnolls (D:6)
  12 adders
  A shadow imp (D:6)
  A white imp (D:7)
  2 ufetubi (D:7)
  A ribbon worm (D:4)
  3 dart slugs
  28 orcs
  3 bats
  10 endoplasms
  3 giant cockroaches
  5 hobgoblins
  A jackal (D:3)
  15 kobolds
  A quokka (D:2)
  3 ball pythons
  2 frilled lizards (D:1)
  4 goblins
  5 rats
179 creatures vanquished.

Vanquished Creatures (others)
  A kobold (D:7)
1 creature vanquished.

Grand Total: 180 creatures vanquished

Notes
Turn   | Place    | Note
-------+----------+-------------------------------------------
     0 | D:1      | jagoly the Gargoyle Monk began the quest for the Orb.
     0 | D:1      | Reached XP level 1. HP: 14/14 MP: 1/1
   104 | D:1      | Found a faded altar of an unknown god.
   184 | D:1      | Found Mackadotz's Assorted Antiques.
   250 | D:1      | Reached XP level 2. HP: 16/19 MP: 2/2
   290 | D:1      | Reached skill level 3 in Axes
   546 | D:2      | Reached skill level 1 in Armour
   551 | D:2      | Reached XP level 3. HP: 9/23 MP: 3/3
   616 | D:2      | Found an opulent altar of Gozag.
   885 | D:3      | Reached XP level 4. HP: 27/29 MP: 4/4
   922 | D:4      | Reached XP level 5. HP: 32/33 MP: 5/5
  1016 | D:4      | Found a staircase to the Ecumenical Temple.
  1025 | Temple   | Entered the Ecumenical Temple
  1050 | D:5      | Entered Level 5 of the Dungeon
  1050 | D:5      | Noticed an ice beast
  1060 | D:5      | Killed an ice beast
  1061 | D:5      | Reached skill level 4 in Axes
  1061 | D:5      | Reached XP level 6. HP: 21/39 MP: 6/6
  1134 | D:4      | Found a hazy altar of Hepliaklqana.
  1543 | D:5      | Reached skill level 5 in Axes
  1606 | D:5      | Reached XP level 7. HP: 44/44 MP: 7/7
  1636 | D:5      | Reached skill level 5 in Fighting
  1700 | D:6      | Found a glowing silver altar of Zin.
  1950 | D:6      | Reached skill level 6 in Axes
  1966 | D:6      | Reached XP level 8. HP: 51/51 MP: 8/8
  1994 | D:6      | Reached skill level 5 in Armour
  2399 | D:7      | Reached skill level 7 in Axes
  2448 | D:6      | Found an ancient bone altar of Kikubaaqudgha.
  2451 | D:6      | Found a glowing golden altar of the Shining One.
  2463 | D:6      | Became a worshipper of the Shining One
  2463 | D:6      | Reached * piety under the Shining One
  2463 | D:6      | Reached ** piety under the Shining One
  2634 | D:8      | Found a flagged portal.
  2662 | Bailey   | Entered a bailey
  2782 | D:8      | Reached XP level 9. HP: 46/56 MP: 9/9
  2866 | D:8      | Reached skill level 8 in Axes
  2947 | D:7      | Reached skill level 1 in Invocations
  3021 | D:8      | Found a bloodstained altar of Trog.
  3322 | D:9      | Reached *** piety under the Shining One
  3361 | D:9      | Found a staircase to the Orcish Mines.
  3524 | D:9      | Found a blossoming altar of Fedhas.
  3541 | D:9      | Reached skill level 9 in Axes
  3541 | D:9      | Reached XP level 10. HP: 64/64 MP: 11/11
  3719 | D:8      | Found a sparkling altar of Nemelex Xobeh.
  3829 | D:7      | Noticed Maurice
  3838 | D:7      | Killed Maurice
  3915 | D:7      | Found Jogulal's Assorted Antiques.
  3917 | D:7      | Noticed Menkaure
  3922 | D:7      | Killed Menkaure
  3926 | D:7      | Bought a clouded graven amulet for 135 gold pieces
  3926 | D:7      | Identified the amulet "Pooc" {Reflect rPois rC- rN+++ SH+5
                  | SInv} (You bought it in a shop on level 7 of the Dungeon)
  4089 | D:9      | Found an ornate altar of the Wu Jian Council.
  4107 | D:10     | Entered Level 10 of the Dungeon
  4160 | D:10     | Noticed an elephant
  4177 | D:9      | Killed an elephant
  4192 | D:10     | Reached skill level 10 in Axes
  4209 | D:10     | Identified the +1 dagger of the Evening {holy, rPois rC++
                  | Will+ Int-5}
  4250 | D:10     | Found a white marble altar of Elyvilon.
  4273 | D:10     | Found a staircase to the Lair.
  4277 | D:10     | Noticed a two-headed ogre
  4379 | D:11     | Noticed a kobold demonologist
  4405 | D:11     | Reached skill level 5 in Dodging
  4413 | D:11     | Killed a kobold demonologist
  4493 | D:11     | Noticed a tengu warrior
  4625 | D:12     | Noticed a cyclops
  4656 | D:12     | Noticed a white ugly thing
  4680 | D:12     | Mangled by a white ugly thing

Illustrated notes

Levels and vault maps discovered:
D:1:      minmay_arrival_split_and_join, layout_basic,
          shapermc_ecumenical_altar_flowoftime, serial_shops,
          nicolae_shop_behind_doors, minmay_misc_feat_four_crosses,
          amcnicky_mini_rare_corridor_liquid
D:2:      layout_basic, basic_altar, roderic_roman_lattice
D:3:      minmay_diamond_boxcup, layout_rooms
D:4:      layout_rooms, mainiacjoe_overflow_chevrons, temple_pool_b, uniq_ijyb
D:5:      layout_rooms, chequers_big_river, uniq_duvessa
D:6:      minmay_chambers_of_threes, layout_loops_corners, zin_statuary,
          grunt_temple_overflow_open, nicolae_houndstooth_variations
D:7:      layout_loops_corners, serial_shops, nicolae_shop_tiny_statue_garden,
          uniq_maurice, uniq_menkaure
D:8:      layout_basic, lightli_temple_of_fire, kennysheep_little_box,
          enter_bailey_1, eino_curves_04, kennysheep_doodads
D:9:      layout_roguey, kennysheep_mini_moat, kennysheep_mini, erik_orc_1
D:10:     layout_loops_ring, elyvilon_altar_5, grunt_lair_entry_orc_guard_hut
D:11:     layout_long_grid, portal_ice_cave_entry_ice_simulacra
D:12:     layout_basic, fedhas_bush_and_centaur_altar, uniq_nergalle,
          uniq_rupert
Temple:   nicolae_temple_ecumenical_triangle

Skill      XL: |  1  2  3  4  5  6  7  8  9 10 |
---------------+-------------------------------+-----
Axes           | 3 4 5 6 7 9 10 | 10.3
Armour         | 1 2 3 4 5 7 8 |  8.3
Fighting       | 4 5 6 7 9 |  9.0
Dodging        | 3 5 |  5.0
Invocations    | 2 |  2.0

Action                     |  1- 3 |  4- 6 |  7- 9 | 10-12 || total
---------------------------+-------+-------+-------+-------++-------
  Melee: Hand axe          |    60 |       |       |       ||    60
         War axe           |    31 |   115 |   344 |   149 ||   639
  Throw: Stone             |       |       |     3 |     2 ||     5
         Boomerang         |       |       |     1 |     1 ||     2
         Dart              |       |       |       |     2 ||     2
 Invoke: Divine Shield     |       |       |     1 |     1 ||     2
  Evoke: Wand              |       |       |       |     4 ||     4
    Use: Scroll            |       |       |     8 |     1 ||     9
         Potion            |       |       |     1 |       ||     1
 Armour: Robe              |    19 |       |       |       ||    19
         Plate armour      |    21 |    27 |       |    36 ||    84
         Ring mail         |    14 |       |       |       ||    14
         Chain mail        |       |    90 |   320 |   153 ||   563
  Dodge: Dodged            |    34 |    49 |   180 |    76 ||   339
